 Dungeon Crawl Stone Soup version 0.28-a0-1184-g53156a8862 (webtiles) character file.

Game seed: 2907039535125477066

1573 pascalblue the Destroyer (level 8, -6/41 HPs)
             Began as a Deep Elf Conjurer on Nov 16, 2021.
             Was a Believer of Sif Muna.
             Killed by an exploding fulminant prism (26 damage)
             ... on level 7 of the Dungeon on Dec 17, 2021.
             The game lasted 00:19:35 (6391 turns).

pascalblue the Destroyer (Deep Elf Conjurer)        Turns: 6391, Time: 00:19:36

Health: -6/41      AC:  5    Str:  4    XL:     8   Next: 59%
Magic:  8/20       EV: 13    Int: 26    God:    Sif Muna [**....]
Gold:   238        SH:  0    Dex: 19    Spells: 9/20 levels left

rFire   . . .      SeeInvis .   m - +6 mace (vorpal)
rCold   . . .      Faith    .   (no shield)
rNeg    + . .      Spirit   .   a - +1 robe
rPois   .          Reflect  .   A - +0 helmet
rElec   .          Harm     +   r - scarf {harm}
rCorr   .          Rampage  .   (no gloves)
Will    .....                   w - +0 pair of boots
Stlth   ++........              n - amulet of regeneration
HPRegen 0.93/turn               d - ring of positive energy
MPRegen 0.17/turn               o - +6 ring of dexterity

@: marked
A: no striking features
a: Renounce Religion, Channel Magic


You were on level 7 of the Dungeon.
You worshipped Sif Muna.
Sif Muna was pleased with you.
You visited 1 branch of the dungeon, and saw 7 of its levels.

You collected 238 gold pieces.

Inventory:

Hand Weapons
 f - a +4 quarterstaff of chaos
 m - a +6 vorpal mace (weapon)
Missiles
 h - 2 throwing nets
Armour
 a - a +1 robe (worn)
 p - a +0 cloak
 r - a scarf of harm (worn)
 w - a +0 pair of boots (worn)
 A - a +0 helmet (worn)
Magical Staves
 c - a staff of fire
 q - a staff of death
Jewellery
 d - a ring of positive energy (left hand)
 k - a ring of protection from cold
 n - an amulet of regeneration (around neck)
 o - a +6 ring of dexterity (right hand)
 y - a ring of ice
Scrolls
 i - 4 scrolls of teleportation
 j - 2 scrolls of immolation
 s - a scroll of amnesia
 v - a scroll of magic mapping
Potions
 b - 3 potions of curing
 e - a potion of resistance
 g - a potion of berserk rage {unknown}
 l - 3 potions of flight
 t - a potion of might {unknown}
 u - 2 potions of heal wounds
 x - 2 potions of mutation {unknown}
 z - a potion of degeneration {unknown}


   Skills:
 - Level 2.4 Dodging
 - Level 2.4 Stealth
 + Level 6.9 Spellcasting
 * Level 8.8 Conjurations
 + Level 4.7 Hexes
 + Level 4.0 Translocations
 - Level 2.9 Fire Magic
 + Level 2.5 Invocations


You had 9 spell levels left.
You knew the following spells:

 Your Spells              Type           Power      Damage    Failure   Level
a - Magic Dart            Conj           100%       1d8       1%          1
b - Searing Ray           Conj           100%       2d8       1%          2
c - Fulminant Prism       Conj/Hex       22%        3d13      3%          4
d - Iskenderun's Mystic   Conj/Tloc      42%        2d10      4%          4

Your spell library contained the following spells:

 Spells                   Type           Power      Damage    Failure   Level
 Slow                     Hex            100%       N/A       1%          1
 Dazzling Flash           Conj/Hex       88%        N/A       1%          3
 Confusing Touch          Hex            33%        N/A       2%          3
 Gell's Gravitas          Tloc           30%        N/A       3%          3
 Lesser Beckoning         Tloc           30%        N/A       3%          3
 Teleport Other           Tloc           30%        N/A       3%          3
 Animate Skeleton         Necr           18%        N/A       6%          1
 Pain                     Necr           36%        1d5       6%          1
 Vampiric Draining        Necr           9%         2d6       19%         3
 Yara's Violent Unravell  Hex/Tmut       10%        3d6       54%         5


Dungeon Overview and Level Annotations

Branches:
Dungeon (7/15)             Temple (0/1) D:5

Altars:
Dithmenos
Gozag
Sif Muna
Uskayaw

Shops:
D:5 [

Annotations:
D:7 Harold


Message History

Aim: Harold, wielding a +0 trident, wearing a +0 scale mail and quivering a throwing net (spells empowered, ally target, 100% to hit)
The magic dart hits Harold.
Harold is lightly wounded.
Harold points at you and mumbles some strange words.
The mark upon you grows brighter.
Your fulminant prism explodes!
A bullfrog comes into view.
Casting: Magic Dart (safe; 1% risk of failure)
Confirm with . or Enter, or press ? or * to list all spells.
Aiming: Fulminant Prism (dangerous; 4% risk of failure)
Press: ? - help, Dir - move target, p - Harold You conjure a prism of explosive energy!
A fulminant prism comes into view.
Your fulminant prism crackles loudly.
Things that are here:
a +0 trident; an orc corpse The bullfrog hits your fulminant prism.
Your fulminant prism explodes!
The blast of energy engulfs the bullfrog!!
You kill the bullfrog!
Sif Muna accepts your kill.
The blast of energy engulfs Harold!!
Harold is heavily wounded.
Your Translocations skill increases to level 4!
Casting: Fulminant Prism (dangerous; 3% risk of failure)
Confirm with . or Enter, or press ? or * to list all spells.
Aiming: Fulminant Prism (dangerous; 3% risk of failure)
Press: ? - help, Dir - move target You conjure a prism of explosive energy!
A fulminant prism comes into view.
Harold says, "My wife will appreciate not having to wash blood out of my clothes anymore."
Harold fires a harpoon shot at you. The harpoon shot hits you!
You are yanked forward by the harpoon shot.
Your fulminant prism crackles loudly.
Harold hits you from afar with a +0 trident!
Your fulminant prism explodes!
The blast of energy engulfs you!!
Ouch! That really hurt!
You die...

..+... ..#.#####
#####........
#..........# .
#..........# ...
#.......[..#
.....###..........#
.........)....)...#
........#.@.@....##
.#.#....#..)......#
#.#....#.........#
#.######.........#
#.#...............#
#.#.####...........
####.#.#
#########..#
#....#.# ..
#....#.#


You could see Harold (empowered).

Vanquished Creatures
  A wyvern (D:4)
  Menkaure (D:6)
  A water moccasin (D:5)
  An orc warrior (D:7)
  2 ogres (D:4)
  A scorpion (D:6)
  A bullfrog (D:7)
  A wyvern skeleton (D:5)
  A bullfrog zombie (D:6)
  2 jellies
  4 orc priests
  Crazy Yiuf (D:3)
  A bullfrog skeleton (D:5)
  5 hounds
  An orc wizard (D:6)
  2 hound skeletons
  9 adders
  11 gnolls
  An adder skeleton (D:5)
  4 dart slugs
  19 orcs
  4 ball pythons
  5 bats
  6 endoplasms
  3 giant cockroaches
  11 goblins
  10 hobgoblins
  7 jackals
  3 quokkas
  5 kobolds
124 creatures vanquished.

Vanquished Creatures (others)
  5 fulminant prisms
5 creatures vanquished.

Grand Total: 129 creatures vanquished

Notes
Turn   | Place    | Note
-------+----------+-------------------------------------------
     0 | D:1      | pascalblue the Deep Elf Conjurer began the quest for the
                  | Orb.
     0 | D:1      | Reached XP level 1. HP: 10/10 MP: 6/6
   247 | D:1      | Reached XP level 2. HP: 15/15 MP: 2/8
   252 | D:1      | Learned a level 2 spell: Searing Ray
   965 | D:1      | Found a faded altar of an unknown god.
  1114 | D:2      | Reached skill level 5 in Conjurations
  1187 | D:2      | Reached XP level 3. HP: 19/19 MP: 8/10
  2410 | D:3      | Reached XP level 4. HP: 24/24 MP: 9/12
  2663 | D:3      | Found a shimmering blue altar of Sif Muna.
  2678 | D:3      | Reached skill level 6 in Conjurations
  2693 | D:3      | Became a worshipper of Sif Muna the Loreminder
  2747 | D:3      | Reached XP level 5. HP: 21/28 MP: 1/14
  2847 | D:3      | Learned a level 4 spell: Fulminant Prism
  2852 | D:3      | Learned a level 4 spell: Iskenderun's Mystic Blast
  2913 | D:3      | Found a runed translucent door.
  2915 | D:3      | Noticed Crazy Yiuf
  2962 | D:3      | Killed Crazy Yiuf
  3070 | D:3      | Reached skill level 1 in Hexes
  3201 | D:3      | Reached skill level 5 in Spellcasting
  3261 | D:3      | Reached skill level 1 in Translocations
  3290 | D:3      | Reached skill level 1 in Fire Magic
  3539 | D:3      | Reached * piety under Sif Muna
  3732 | D:4      | Reached XP level 6. HP: 32/32 MP: 11/15
  4003 | D:4      | Reached skill level 7 in Conjurations
  4186 | D:4      | Reached XP level 7. HP: 36/36 MP: 8/17
  4392 | D:4      | Noticed a wyvern
  4398 | D:4      | Killed a wyvern
  4596 | D:4      | Reached ** piety under Sif Muna
  4798 | D:5      | Entered Level 5 of the Dungeon
  4864 | D:5      | Found a staircase to the Ecumenical Temple.
  4916 | D:5      | Upgraded the game from 0.28-a0-863-g8cecda6153 to
                  | 0.28-a0-1184-g53156a8862
  4917 | D:5      | Found Gaatig's Armour Shoppe.
  5169 | D:5      | Reached skill level 8 in Conjurations
  5435 | D:5      | Found an opulent altar of Gozag.
  5440 | D:5      | Found a shadowy altar of Dithmenos.
  5612 | D:6      | Reached skill level 1 in Invocations
  5612 | D:6      | Reached XP level 8. HP: 41/41 MP: 14/19
  5722 | D:6      | Noticed Menkaure
  5728 | D:6      | Killed Menkaure
  6278 | D:7      | Noticed a +0 short sword
  6278 | D:7      | Noticed a +0 falchion
  6279 | D:7      | Noticed a +0 dagger
  6279 | D:7      | Noticed a +0 spear
  6280 | D:7      | Noticed a +0 short sword
  6281 | D:7      | Noticed a +0 spear
  6281 | D:7      | Noticed a +0 dagger
  6281 | D:7      | Noticed a +0 falchion
  6291 | D:7      | Found a hide-covered altar of Uskayaw.
  6380 | D:7      | Noticed Harold
  6391 | D:7      | Killed by an exploding fulminant prism

Illustrated notes

Levels and vault maps discovered:
D:1:      dpeg_arrival_more_subterranean_lakeside_camping, layout_basic,
          hellmonk_ecumenical_altar_leap_of_faith
D:2:      layout_basic, grunt_ministairs_8, hangedman_decor_points,
          nicolae_elevator_lobby_plus
D:3:      layout_basic, mainiacjoe_overflow_paths, hex_intersection,
          minivault_26, minmay_goblin_kobold_house, uniq_crazy_yiuf_cottage
D:4:      layout_basic, chequers_serial_rivers_large_b
D:5:      layout_rooms, mainiacjoe_overflow_big_doors,
          minmay_temple_entry_arrows, serial_shops, nicolae_shop_statue_plus,
          kennysheep_small_spiral, nicolae_figureground_pulse
D:6:      layout_rooms, uniq_menkaure
D:7:      layout_basic, nicolae_uskayaw_en_pointe, st_stairs_12, uniq_harold

Skill      XL: |  1  2  3  4  5  6  7  8 |
---------------+-------------------------+-----
Conjurations   | 5 6 7 8 |  8.8
Spellcasting   | 4 5 6 |  6.9
Hexes          | 1 2 3 4 |  4.7
Translocations | 1 2 3 4 |  4.0
Fire Magic     | 1 2 |  2.9
Invocations    | 1 2 |  2.5
Dodging        | |  2.4
Stealth        | |  2.4

Action                   |  1- 3 |  4- 6 |  7- 9 || total
-------------------------+-------+-------+-------++-------
Melee: Unarmed           |     7 |       |       ||     7
       Dagger            |       |     2 |       ||     2
 Cast: Magic Dart        |    68 |    93 |    75 ||   236
       Searing Ray       |       |    16 |    14 ||    30
       Fulminant Prism   |       |       |     5 ||     5
  Use: Scroll            |       |     4 |     7 ||    11
       Potion            |       |       |     1 ||     1
Armor: Robe              |     3 |     2 |     1 ||     6
Dodge: Dodged            |    12 |    15 |    16 ||    43

Table legend: (Time is in decaauts)
 A = Elapsed time spent in this place.
 B = Non-inter-level travel time spent in this place.
 C = Inter-level travel time spent in this place.
 D = Time resting spent in this place.
 E = Time spent auto-exploring this place.
 F = Levels seen in this place.
 G = Mean time per level.
                   A        B        C        D        E       F      G
               +--------+--------+--------+--------+--------+-----+--------+
         Total |   6414 |   6263 |    151 |    160 |   5238 |   7 |  916.3 |
       Dungeon |   6414 |   6263 |    151 |    160 |   5238 |   7 |  916.3 |
               +--------+--------+--------+--------+--------+-----+--------+

Top non-repeatable levels by time:
     D:3: 1430 daAuts
     D:4: 1169 daAuts
     D:2: 1111 daAuts
     D:1: 1111 daAuts
     D:5: 784 daAuts
     D:6: 643 daAuts
     D:7: 162 daAuts
